 Dungeon Crawl Stone Soup version 0.23.2-30-g0e89c35649 (webtiles) character file.

Game seed: 4121127537184130427

11562 sankara the Fighter (level 11, -9/100 HPs)
             Began as a Red Draconian Air Elementalist on June 18, 2019.
             Was a Believer of Ashenzari.
             Mangled by a death yak (23 damage)
             ... on level 9 of the Dungeon.
             The game lasted 01:24:00 (15458 turns).

sankara the Fighter (DrAE)                         Turns: 15458, Time: 01:24:01

Health: -9/100     AC:  8    Str: 13    XL:     11   Next: 50%
Magic:  8/29       EV: 35    Int: 26    God:    Ashenzari [**....]
Gold:   579        SH:  0    Dex: 11    Spells: 7/22 levels left

rFire    + . .     SeeInvis .   K - +0 hand axe of the Grey Skies {protect, MP+9 Str+3 Int+3}
rCold    . . .     Gourm    .   (no shield)
rNeg     . . .     Faith    .   (armour unavailable)
rPois    .         Spirit   .   (helmet restricted)
rElec    .         Reflect  .   (no cloak)
rCorr    .         Harm     .   C - +0 pair of gloves (curse)
MR       .....                  (no boots)
Stlth    +++.......             w - amulet of the acrobat (curse)
HPRegen  0.26/turn              f - +6 ring of evasion (curse)
MPRegen  0.21/turn              h - +3 ring of intelligence (curse)

@: acrobat
A: breathe fire, unfitting armour, fire resistance 1, cold-blooded, AC +7
a: Breathe Fire, Curse Item, Scrying, Renounce Religion


You were on level 9 of the Dungeon.
You worshipped Ashenzari.
Ashenzari was pleased with you.
You were not hungry.

You visited 2 branches of the dungeon, and saw 11 of its levels.

You collected 579 gold pieces.

Inventory:

Hand Weapons
 j - a +0 hunting sling
   (You took it off a goblin on level 3 of the Dungeon)
 k - a +4 mace of protection
   (You took it off an orc on level 3 of the Dungeon)
 q - a +2 hand axe of flaming
   (You took it off an orc on level 3 of the Dungeon)
 v - a +0 morningstar
   (You took it off an orc on level 3 of the Dungeon)
 K - the +0 hand axe of the Grey Skies (weapon) {protect, MP+9 Str+3 Int+3}
   (You found it on level 7 of the Dungeon)

   It protects the one who uses it against injury (+AC on strike).
   It affects your strength (+3).
   It affects your intelligence (+3).
   It affects your magic capacity (+9).
 S - a +0 dagger of draining
   (You took it off an orc wizard on level 10 of the Dungeon)
 X - a cursed -2 war axe
   (You found it on level 10 of the Dungeon)
Missiles
 e - 357 stones (quivered)
 T - 5 curare-tipped needles
Armour
 C - a cursed +0 pair of gloves (worn)
   (You found it on level 5 of the Dungeon)
 E - a +2 shield
   (You found it on level 7 of the Dungeon)
Jewellery
 a - an uncursed ring of poison resistance {rPois, !d}
   (You found it on level 1 of the Dungeon)
 c - an uncursed amulet of harm
   (You found it on level 9 of the Dungeon)
 d - an uncursed ring of wizardry {Wiz+, !d}
   (You found it on level 1 of the Dungeon)
 f - a cursed +6 ring of evasion (left hand)
   (You found it on level 1 of the Dungeon)
 h - a cursed +3 ring of intelligence (right hand)
   (You found it on level 2 of the Dungeon)
 w - a cursed amulet of the acrobat (around neck)
   (You found it on level 4 of the Dungeon)
 G - an uncursed ring of protection from fire {rF+, !d}
   (You took it off a wight on level 7 of the Dungeon)
 Q - an uncursed amulet of faith {Faith, !P}
   (You found it on level 9 of the Dungeon)
 R - a cursed +5 ring of dexterity
   (You found it on level 10 of the Dungeon)
 W - an uncursed ring of ice {rC+, rF-}
   (You took it off Fannar on level 10 of the Dungeon)
Wands
 B - a wand of polymorph (10)
   (You found it on level 5 of the Dungeon)
 D - a wand of acid (6)
   (You found it on level 6 of the Dungeon)
 N - a wand of iceblast (10)
   (You found it on level 8 of the Dungeon)
 O - a wand of flame (20)
   (You took it off a big kobold on level 9 of the Dungeon)
 U - a wand of random effects (19)
   (You took it off Sonja on level 10 of the Dungeon)
 V - a wand of disintegration (14)
   (You found it on level 10 of the Dungeon)
Scrolls
 i - 2 scrolls of immolation {unknown}
 l - 2 scrolls of blinking {unknown}
 m - 2 scrolls of fear {unknown}
 p - 3 scrolls of amnesia {unknown}
 r - a scroll of silence {unknown}
 s - 4 scrolls of teleportation {unknown}
 y - 3 scrolls of magic mapping {unknown}
 A - a scroll of enchant weapon {unknown}
 I - 3 scrolls of enchant armour {unknown}
 J - a scroll of random uselessness {unknown}
 L - a scroll of remove curse
Potions
 g - 3 potions of heal wounds
 n - 7 potions of curing
 o - a potion of magic
 t - 4 potions of might
 u - 2 potions of invisibility
 x - 2 potions of flight
 z - 3 potions of agility
 F - 2 potions of berserk rage {!q}
 H - 3 potions of ambrosia
 M - a potion of mutation {!q}
 P - 3 potions of degeneration {!q}
Comestibles
 b - 31 rations


   Skills:
 - Level 10.2 Fighting
 - Level 4.7 Maces & Flails
 + Level 5.6 Dodging
 + Level 6.6 Stealth
 - Level 6.0 Spellcasting
 - Level 6.2(8.5) Conjurations
 - Level 1.4(3.0) Charms
 - Level 1.3(2.8) Necromancy
 - Level 9.0(11.2) Air Magic


You had 7 spell levels left.
You knew the following spells:

 Your Spells              Type           Power        Failure   Level  Hunger
a - Shock                 Conj/Air       ####         1%          1    None
b - Swiftness             Chrm/Air       #####...     1%          2    None
c - Airstrike             Air            ######....   1%          4    ###....
d - Lightning Bolt        Conj/Air       ######....   3%          5    #####..
e - Regeneration          Chrm/Necr      ###.......   6%          3    None

Your spell library contained the following spells:

 Spells                   Type           Power        Failure   Level  Hunger
 Static Discharge         Conj/Air       ######..     1%          3    None
 Animate Skeleton         Necr           N/A          2%          1    None
 Pain                     Necr           ###.         2%          1    None
 Vampiric Draining        Necr           ###.......   6%          3    None
 Animate Dead             Necr           N/A          22%         4    ###....


Dungeon Overview and Level Annotations

Branches:
Dungeon (10/15)            Temple (1/1) D:5            Lair (0/6) D:10
    Orc (0/2) D:9

Altars:
Ashenzari
Cheibriados
Dithmenos
Elyvilon
Fedhas
Gozag
Hepliaklqana
Kikubaaqudgha
Makhleb
Nemelex Xobeh
Okawaru
Qazlal
Ru
Sif Muna
Trog
Uskayaw
Vehumet
Wu Jian
Xom
Yredelemnul
Zin
The Shining One
Beogh

Annotations:
D:10 Erolcha


Innate Abilities, Weirdness & Mutations

You can breathe blasts of fire.
Your fiery red scales are hard. (AC +7)
You cannot fit into any form of body armour.
Your flesh is heat resistant. (rF+)
You are cold-blooded and may be slowed by cold attacks.


Message History

Confirm with . or Enter, or press ? or * to list all spells.
Aiming: Lightning Bolt (safe; 3% risk of failure)
Press: ? - help, Shift-Dir - straight line, f/p - death yak
Aim: a death yak (heavily wounded)
You hear a mighty clap of thunder!
The bolt of lightning hits the death yak!
The death yak is severely wounded.
The death yak gores you!
Casting: Lightning Bolt (safe; 3% risk of failure)
Confirm with . or Enter, or press ? or * to list all spells.
Aiming: Shock (safe; 1% risk of failure)
Press: ? - help, Shift-Dir - straight line, f/p - death yak
Aim: a death yak (severely wounded)
The zap hits the death yak but does no damage.
The death yak is severely wounded.
The zap hits the death yak.
The death yak is severely wounded.
The death yak gores you!!
You slash the death yak!
Your weapon exudes an aura of protection.
The death yak is severely wounded.
The death yak closely misses you.
You barely miss the death yak.
You tail-slap the death yak, but do no damage.
The death yak is severely wounded.
The death yak barely misses you.
You barely miss the death yak.
The death yak is severely wounded.
The death yak gores you.
You hit the death yak but do no damage.
You tail-slap the death yak, but do no damage.
The death yak is severely wounded.
The death yak closely misses you.
You hit the death yak.
You tail-slap the death yak, but do no damage.
The death yak is severely wounded.
The death yak completely misses you.
You barely miss the death yak.
The death yak is severely wounded.
The death yak closely misses you.
Casting: Shock (safe; 1% risk of failure)
Confirm with . or Enter, or press ? or * to list all spells.
Aiming: Shock (safe; 1% risk of failure)
Press: ? - help, Shift-Dir - straight line, f/p - death yak
Aim: a death yak (severely wounded)
You miscast Shock.
You are very lightly contaminated with residual magic.
Nothing appears to happen.
The death yak misses you.
Casting: Shock (safe; 1% risk of failure)
Confirm with . or Enter, or press ? or * to list all spells.
Aiming: Shock (safe; 1% risk of failure)
Press: ? - help, Shift-Dir - straight line, f/p - death yak
Aim: a death yak (severely wounded)
The zap hits the death yak.
The death yak is severely wounded.
The zap hits the death yak.
The death yak is severely wounded.
The death yak gores you!
You barely miss the death yak.
The death yak is severely wounded.
The death yak closely misses you. The death yak misses you.
You hit the death yak.
Your weapon exudes an aura of protection.
The death yak is almost dead.
The death yak barely misses you.
You hit the death yak but do no damage.
The death yak is severely wounded.
The death yak gores you but does no damage.
Casting: Shock (safe; 1% risk of failure)
Confirm with . or Enter, or press ? or * to list all spells.
Aiming: Shock (safe; 1% risk of failure)
Press: ? - help, Shift-Dir - straight line, f/p - death yak
Aim: a death yak (severely wounded)
The zap hits the death yak.
The death yak is almost dead.
The zap hits the death yak!
The death yak is almost dead.
The death yak gores you!
* * * LOW HITPOINT WARNING * * *
You hit the death yak but do no damage.
Your tail-slap misses the death yak.
The death yak is almost dead.
The death yak gores you!
* * * LOW HITPOINT WARNING * * *
Casting: Shock (safe; 1% risk of failure)
Confirm with . or Enter, or press ? or * to list all spells.
Aiming: Shock (safe; 1% risk of failure)
Press: ? - help, Shift-Dir - straight line, f/p - death yak
Aim: a death yak (almost dead)
The zap hits the death yak.
The death yak is almost dead.
The zap hits the death yak.
The death yak is almost dead.
The death yak gores you!
* * * LOW HITPOINT WARNING * * *
Your magical contamination has completely faded away.
Things that are here:
a +0 giant club x2
You see here a +0 giant club.
The death yak gores you!!
You die...

#[##[##..([.##
#.##[###...##
#[##.####..#######
#'##........)..<.#
#_##......>#.###.#
#'#....##.##.# #.#
..#######.##.# #.#
..# #.(#..# #.#
..# #.##.## #@#
#.# #.##.# #Y# ..#
#.##.# #.# ..##
#.##.# #.# ...#
###.##.# #.#
.#.###>>.##.# #.#
.......####.#
#.###
.........##.#
#...#
..####.#.##.#
###.#


You could see a death yak.

Vanquished Creatures
  Fannar (D:10)
  2 two-headed ogres
  A death yak (D:10)
  Sonja (D:10)
  2 unseen horrors (D:10)
  3 trolls
  A hornet (D:10)
  A hippogriff (D:7)
  4 yaks (D:9)
  A wyvern (D:9)
  A hungry ghost (D:7)
  4 ice beasts
  A porcupine (D:10)
  13 orc warriors
  A sky beast (D:9)
  A black bear (D:3)
  4 ogres
  3 phantoms
  5 centaurs
  2 big kobolds
  3 bullfrogs
  A wyvern zombie (D:10)
  3 scorpions
  3 killer bees (D:9)
  5 wights (D:7)
  2 bullfrog zombies
  A howler monkey (D:6)
  4 crimson imps
  2 jellies
  A quasit (D:5)
  6 orc priests
  8 hounds
  Jessica (D:3)
  13 orc wizards
  9 worker ants
  3 hound skeletons (D:7)
  A howler monkey zombie (D:5)
  A worker ant zombie (D:5)
  Robin (D:3)
  15 adders
  2 river rats (D:10)
  3 gnolls
  4 shadow imps (D:9)
  3 adder skeletons
  An adder zombie (D:9)
  A dart slug (D:2)
  5 leopard geckos
  53 orcs
  3 giant cockroaches
  18 goblins
  9 hobgoblins
  18 jackals
  7 kobolds
  6 quokkas
  2 ball pythons (D:3)
  11 bats
  4 frilled lizards
  A jackal zombie (D:3)
  5 rats
291 creatures vanquished.

Notes
Turn   | Place    | Note
-------+----------+-------------------------------------------
     0 | D:1      | sankara the Draconian Air Elementalist began the quest for
                  | the Orb.
     0 | D:1      | Reached XP level 1. HP: 14/14 MP: 3/3
   517 | D:1      | Reached XP level 2. HP: 20/20 MP: 0/5
   565 | D:1      | Learned a level 2 spell: Swiftness
  1106 | D:2      | Found a shimmering altar of Xom.
  1138 | D:2      | Reached XP level 3. HP: 26/26 MP: 2/6
  1176 | D:2      | Found an ornate altar of the Wu Jian Council.
  1221 | D:2      | Reached skill level 2 in Conjurations
  1624 | D:2      | Found an ancient bone altar of Kikubaaqudgha.
  1624 | D:2      | Found a stormy altar of Qazlal.
  2034 | D:2      | Reached XP level 4. HP: 33/33 MP: 2/8
  2282 | D:2      | Learned a level 4 spell: Airstrike
  2476 | D:2      | HP: 8/33 [orc priest/+0 club (9)]
  2481 | D:2      | Reached skill level 2 in Stealth
  2481 | D:2      | Reached skill level 3 in Spellcasting
  2481 | D:2      | Reached skill level 4 in Air Magic
  2802 | D:3      | Reached XP level 5. HP: 11/39 MP: 0/9
  3074 | D:3      | Found a shattered altar of Ashenzari.
  3102 | D:3      | Became a worshipper of Ashenzari the Shackled
  3154 | D:3      | Noticed Jessica
  3309 | D:3      | Noticed Robin
  3321 | D:3      | Killed Robin
  3460 | D:3      | Reached skill level 1 in Fighting
  3655 | D:3      | Killed Jessica
  3655 | D:3      | Reached skill level 3 in Conjurations
  4046 | D:3      | Reached XP level 6. HP: 47/47 MP: 7/10
  4322 | D:3      | Found a glowing golden altar of the Shining One.
  4667 | D:4      | Reached skill level 5 in Air Magic
  4750 | D:4      | Reached skill level 1 in Maces & Flails
  5076 | D:4      | Reached skill level 2 in Fighting
  5324 | D:5      | Entered Level 5 of the Dungeon
  5326 | D:5      | Your scales start taking on a fiery red colour.
  5326 | D:5      | Reached XP level 7. HP: 55/55 MP: 9/12
  5326 | D:5      | Gained mutation: Your flesh is heat resistant. (rF+) [Red
                  | Draconian growth]
  5345 | D:5      | Reached skill level 3 in Stealth
  5424 | D:5      | Found a staircase to the Ecumenical Temple.
  5441 | Temple   | Entered the Ecumenical Temple
  6144 | D:5      | Reached skill level 2 in Maces & Flails
  6385 | D:5      | Reached skill level 4 in Spellcasting
  6460 | D:5      | Learned a level 5 spell: Lightning Bolt
  6471 | D:6      | Reached * piety under Ashenzari
  6477 | D:6      | Reached skill level 4 in Conjurations
  6573 | D:6      | Reached skill level 6 in Air Magic
  6743 | D:6      | Reached XP level 8. HP: 59/61 MP: 6/14
  7084 | D:6      | Found a bloodstained altar of Trog.
  7199 | D:6      | Reached skill level 3 in Maces & Flails
  7653 | D:7      | Reached skill level 7 in Air Magic
  7773 | D:7      | Noticed a hippogriff
  7788 | D:7      | Killed a hippogriff
  7788 | D:7      | Reached skill level 5 in Conjurations
  7837 | D:7      | Reached skill level 5 in Spellcasting
  7994 | D:7      | Reached skill level 4 in Maces & Flails
  8004 | D:7      | Reached XP level 9. HP: 49/67 MP: 1/16
  8121 | D:7      | Got the hand axe of the Grey Skies {protect, MP+9 Str+3
                  | Int+3}
  8122 | D:7      | Identified the +0 hand axe of the Grey Skies {protect, MP+9
                  | Str+3 Int+3} (You found it on level 7 of the Dungeon)
  8492 | D:7      | Reached skill level 8 in Air Magic
  8539 | D:7      | Found a hazy altar of Hepliaklqana.
  8550 | D:7      | Learned a level 3 spell: Regeneration
  9041 | D:8      | Reached skill level 1 in Charms
  9058 | D:8      | Found an ancient bone altar of Kikubaaqudgha.
  9169 | D:8      | Reached ** piety under Ashenzari
 10102 | D:9      | HP: 12/67 [wyvern (12)]
 10103 | D:9      | Reached skill level 6 in Conjurations
 10538 | D:9      | Reached skill level 9 in Air Magic
 10603 | D:9      | Reached skill level 6 in Spellcasting
 10691 | D:9      | Found a glowing silver altar of Zin.
 10712 | D:9      | Reached skill level 1 in Necromancy
 10715 | D:9      | Noticed a troll
 10718 | D:9      | Reached skill level 3 in Fighting
 10734 | D:9      | HP: 15/70 [orc priest/divine providence (12)]
 10736 | D:9      | Noticed a two-headed ogre
 10737 | D:9      | Killed a troll
 10737 | D:9      | Reached skill level 4 in Fighting
 10740 | D:9      | HP: 16/72 [something (1)]
 10741 | D:9      | HP: 3/72 [something (6)]
 11102 | D:9      | Killed a two-headed ogre
 11102 | D:9      | Reached skill level 6 in Fighting
 11102 | D:9      | Reached XP level 10. HP: 76/83 MP: 17/19
 11239 | D:9      | Found a roughly hewn altar of Beogh.
 11239 | D:9      | Found a staircase to the Orcish Mines.
 11260 | D:9      | Reached skill level 7 in Fighting
 11704 | D:9      | HP: 11/88 [orc warrior/+0 short sword (12)]
 11739 | D:9      | HP: 12/88 [orc warrior/+0 short sword (8)]
 11744 | D:8      | HP: 8/88 [orc warrior/+0 short sword (5)]
 11746 | D:8      | Reached skill level 8 in Fighting
 12129 | D:9      | Found a deep blue altar of Sif Muna.
 12160 | D:9      | Reached skill level 9 in Fighting
 12369 | D:9      | Found a snail-covered altar of Cheibriados.
 12697 | D:9      | Reached skill level 10 in Fighting
 12758 | D:9      | Found an iron altar of Okawaru.
 12760 | D:9      | Found a sacrificial altar of Ru.
 12760 | D:9      | Found a basalt altar of Yredelemnul.
 13185 | D:10     | Entered Level 10 of the Dungeon
 13190 | D:10     | Reached skill level 2 in Dodging
 13581 | D:10     | Noticed a two-headed ogre
 13589 | D:10     | Killed a two-headed ogre
 13589 | D:10     | Reached skill level 3 in Dodging
 13589 | D:10     | Reached skill level 4 in Stealth
 13589 | D:10     | Reached XP level 11. HP: 100/100 MP: 5/20
 13825 | D:10     | Noticed Sonja
 13830 | D:10     | Killed Sonja
 14482 | D:10     | Killed an unseen horror
 14482 | D:10     | Reached skill level 4 in Dodging
 14482 | D:10     | Reached skill level 5 in Stealth
 14717 | D:10     | Noticed Fannar
 14722 | D:10     | Killed Fannar
 14789 | D:10     | Killed an unseen horror
 14789 | D:10     | Reached skill level 5 in Dodging
 14789 | D:10     | Reached skill level 6 in Stealth
 15049 | D:10     | Noticed Erolcha
 15259 | D:10     | Noticed a death yak
 15270 | D:10     | Found a staircase to the Lair.
 15270 | D:10     | Noticed a death yak
 15276 | D:10     | Noticed a death yak
 15280 | D:10     | Killed a death yak
 15419 | D:9      | HP: 24/100 [death yak (10)]
 15420 | D:9      | HP: 11/100 [death yak (14)]
 15421 | D:9      | HP: 4/100 [death yak (7)]
 15458 | D:9      | Mangled by a death yak

Skill      XL: |  1  2  3  4  5  6  7  8  9 10 11 |
---------------+----------------------------------+-----
Conjurations   | 2 3 4 5 6 |  6.2
Stealth        | 2 3 4 6 |  6.6
Spellcasting   | 3 4 5 6 |  6.0
Air Magic      | 4 5 6 7 9 |  9.0
Fighting       | 1 2 6 10 | 10.2
Maces & Flails | 1 2 4 |  4.7
Charms         | 1 |  1.4
Necromancy     | 1 |  1.3
Dodging        | 3 5 |  5.6

Action                   |  1- 3 |  4- 6 |  7- 9 | 10-12 || total
-------------------------+-------+-------+-------+-------++-------
Melee: Unarmed           |     3 |       |       |       ||     3
       Whip              |    25 |    23 |       |       ||    48
       Tailslap          |     2 |     2 |     6 |     6 ||    16
       Mace              |       |     4 |    31 |       ||    35
       Hand axe          |       |       |    21 |    41 ||    62
Throw: Stone             |       |     5 |       |       ||     5
 Cast: Shock             |    79 |   143 |   409 |   271 ||   902
       Swiftness         |       |       |     2 |     2 ||     4
       Lightning Bolt    |       |       |     3 |    41 ||    44
       Airstrike         |       |       |       |     5 ||     5
Invok: Curse Item        |       |     3 |     1 |       ||     4
  Use: Scroll            |       |       |       |    10 ||    10
 Stab: Sleeping          |       |       |     1 |       ||     1
  Eat: Chunk             |     4 |     9 |    20 |    12 ||    45
       Ration            |       |       |       |     4 ||     4
Armor: Skin              |    19 |    11 |    57 |    34 ||   121
Dodge: Dodged            |    72 |    58 |   177 |   192 ||   499

Levels and vault maps discovered:
D:1:      minmay_arrival_widening_spiral_wide, layout_basic
D:2:      layout_basic, lemuel_doored_altar, nicolae_overflow_hidden_temple,
          gammafunk_temple_overflow_pools, minmay_close_crescents
D:3:      layout_basic, nicolae_tso_swordbearing_angel,
          cheibrodos_ashenzari_chains, uniq_robin, uniq_jessica
D:4:      layout_basic, dk_rats_in_the_wall
D:5:      layout_rooms, minmay_temple_entry_ruins, first_ration
D:6:      layout_rooms, kennysheep_little_box
D:7:      layout_loops_ring, lemuel_crystal_altar
D:8:      layout_gridville, basic_altar
D:9:      layout_loops_ring, grunt_temple_overflow_diamond, kennysheep_mini,
          cheibriados_altar_1, david_orc_5, blue_anna_alchemist
          [blue_anna_fruit_fields, blue_anna_fruit_fields], led_sif_pool
D:10:     layout_stronghold, dpeg_lair_monsters, uniq_erolcha, uniq_fannar,
          uniq_sonja
Temple:   compressed_dpeg_triangle_lava_temple

Table legend:
 A = Turns spent in this place as a percentage of turns spent in the entire game.
 B = Non-inter-level travel turns spent in this place as a percentage of non-inter-level travel turns spent in the entire game.
 C = Inter-level travel turns spent in this place as a percentage of turns spent in this place.
 D = Turns resting spent in this place as a percentage of non-inter-level travel turns spent in this place.
 E = Turns spent auto-exploring this place as a percentage of non-inter-level travel turns spent in this place.
 F = Non-inter-level travel turns spent in this place divided by the number of levels of this place that you've seen.
                   A       B       C       D       E      F
               +-------+-------+-------+-------+-------+----------------------
         Total | 100.0 | 100.0 |   3.6 |  42.7 |  36.8 | 1355.4
       Dungeon |  98.7 |  98.7 |   3.6 |  43.2 |  36.2 | 1471.4
        Temple |   1.3 |   1.3 |   0.0 |   4.6 |  81.5 | 195.0
               +-------+-------+-------+-------+-------+----------------------

Table legend:
 A = Kills in this place as a percentage of kills in entire the game.
 B = Kills by you in this place as a percentage of kills by you in the entire game.
 C = Kills by friends in this place as a percentage of kills by friends in the entire game.
 D = Other kills in this place as a percentage of other kills in the entire game.
 E = Experience gained in this place as a percentage of experience gained in the entire game.
 F = Experience gained in this place divided by the number of levels of this place that you have seen.
                   A       B       C       D       E      F
               +-------+-------+-------+-------+-------+----------------------
         Total | 100.0 | 100.0 |   N/A |   N/A | 100.0 | 1501.6
       Dungeon |  99.7 |  99.7 |   N/A |   N/A |  99.9 | 1650.5
        Temple |   0.3 |   0.3 |   N/A |   N/A |   0.1 |  13.0
               +-------+-------+-------+-------+-------+----------------------
